 Dungeon Crawl Stone Soup version 0.25-a0-478-g33c61bdccf (webtiles) character file.

Game seed: 8909511515445962245, levelgen mode: deterministic

25 ipx the Grave Robber (level 2, -2/20 HPs)
             Began as a Demigod Necromancer on Feb 9, 2020.
             Slain by a worm (12 damage)
             ... on level 2 of the Dungeon.
             The game lasted 00:08:02 (482 turns).

ipx the Grave Robber (Demigod Necromancer)           Turns: 482, Time: 00:08:02

Health: -2/20      AC:  5    Str: 11    XL:     2   Next: 66%
Magic:  3/7        EV: 12    Int: 19    God:
Gold:   12         SH:  0    Dex: 16    Spells: 3/5 levels left

rFire    . . .     SeeInvis .   a - +0 dagger (venom)
rCold    . . .     Gourm    .   (no shield)
rNeg     . . .     Faith    .   e - +0 robe
rPois    .         Spirit   .   (no helmet)
rElec    .         Reflect  .   (no cloak)
rCorr    .         Harm     .   (no gloves)
MR       .....                  (no boots)
Stlth    ++........             (no amulet)
HPRegen  0.06/turn              p - +3 ring of protection
MPRegen  0.10/turn              (no ring)

@: very slightly contaminated
A: high mp 1
a: no special abilities


You were on level 2 of the Dungeon.
You were not hungry.

You visited 1 branch of the dungeon, and saw 2 of its levels.

You collected 12 gold pieces.

Inventory:

Hand Weapons
 a - a +0 dagger of venom (weapon)
Missiles
 b - 4 javelins (quivered)
Armour
 e - a +0 robe (worn)
Jewellery
 p - a +3 ring of protection (left hand)
Scrolls
 d - a scroll of random uselessness {unknown}
 f - a scroll of amnesia {unknown}
 g - a scroll of immolation {unknown}
Potions
 h - a potion of mutation {unknown}
 i - a potion of flight {unknown}
Comestibles
 c - a ration


   Skills:
 - Level 1.7 Dodging
 - Level 1.7 Stealth
 + Level 2.4 Spellcasting
 + Level 4.0 Necromancy


You had 3 spell levels left.
You knew the following spells:

 Your Spells              Type           Power        Failure   Level  Hunger
p - Pain                  Necr           ###.         3%          1    #......
s - Animate Skeleton      Necr           N/A          3%          1    #......

Your spell library contained the following spells:

 Spells                   Type           Power        Failure   Level  Hunger
 Vampiric Draining        Necr           ###.......   9%          3    ###....
 Animate Dead             Necr           N/A          30%         4    #####..
 Agony                    Necr           ###.....     63%         5    ######.


Dungeon Overview and Level Annotations

Branches:
Dungeon (2/15)


Innate Abilities, Weirdness & Mutations

You have an increased reservoir of magic. (+10% MP)


Message History

Confirm with . or Enter, or press ? or * to list all spells.
Aiming: Pain (safe; 3% risk of failure)
Press: ? - help, Shift-Dir - straight line, f/p - worm
Aim: a worm (moderately wounded, chance to defeat MR: 82%)
You miscast Pain.
You are very lightly contaminated with residual magic.
Nothing appears to happen.
Casting: Pain (safe; 3% risk of failure)
Confirm with . or Enter, or press ? or * to list all spells.
Aiming: Pain (safe; 3% risk of failure)
Press: ? - help, Shift-Dir - straight line, f/p - worm
Aim: a worm (moderately wounded, chance to defeat MR: 82%)
The worm writhes in agony!
You hit the worm.
The worm is severely wounded.
You hit the worm.
The worm is poisoned.
The worm is severely wounded.
The worm bites you!
Ouch! That really hurt!
You die...

#.#..##...............
#........##.##.######
###..###.##.##.#
#.........##.#
##.###.#####.###
#.....# #...#
###########.#.######
#............#
#.@#...♣...#....
#.w...♣.♣.....##
#....♣.♣.♣...##
.......♣.♣.♣.♣..#
####..♣.♣._.♣.♣..#
##..♣.♣.♣.♣...# #..
♣.♣.♣g...# #..
♣.♣..... #.#. ♣...#.


You could see a worm.

Vanquished Creatures
  An ooze (D:1)
  A leopard gecko (D:1)
  A ball python (D:1)
  A giant cockroach (D:1)
  4 goblins (D:1)
  A hobgoblin (D:1)
  3 bats
  5 frilled lizards
  3 kobolds (D:1)
  2 rats
22 creatures vanquished.

Notes
Turn   | Place    | Note
-------+----------+-------------------------------------------
     0 | D:1      | ipx the Demigod Necromancer began the quest for the Orb.
     0 | D:1      | Reached XP level 1. HP: 14/14 MP: 5/5
     8 | D:1      | Learned a level 1 spell: Animate Skeleton
   158 | D:1      | Reached XP level 2. HP: 8/20 MP: 3/7
   218 | D:1      | Reached skill level 4 in Necromancy
   471 | D:2      | Found an iron altar of Okawaru.
   482 | D:2      | Slain by a worm

Levels and vault maps discovered:
D:1:      dpeg_arrival_arbitrary_c, layout_loops_ring
D:2:      layout_loops_corners, okawaru_trees_2

Skill      XL: |  1  2 |
---------------+-------+-----
Spellcasting   | 2 |  2.4
Necromancy     | 4 |  4.0
Dodging        | |  1.7
Stealth        | |  1.7

Action                   || total
-------------------------++-------
Melee: Short sword       ||     7
       Dagger            ||    19
 Cast: Pain              ||    19
 Stab: Sleeping          ||     2
Armor: Robe              ||     7
Dodge: Dodged            ||    10

Table legend:
 A = Non-vault XP
 B = Vault XP
 C = Vault XP percentage of total XP
 D = Non-vault monster count
 E = Vault monster count
 F = Vault count percentage of total count
                 A         B        C        D         E       F
            +---------+---------+-------+---------+---------+-------
      Total |      37 |       0 |   0.0 |      22 |       0 |   0.0
            +---------+---------+-------+---------+---------+-------
        D:1 |      33 |       0 |   0.0 |      18 |       0 |   0.0
        D:2 |       4 |       0 |   0.0 |       4 |       0 |   0.0
            +---------+---------+-------+---------+---------+-------
